 Dungeon Crawl Stone Soup version 0.29.1-2-gbd0b4ee654 (webtiles) character file.

Game seed: 12694768448603335122

168 mortz the Conjurer (level 5, -2/33 HPs)
             Began as an Octopode Conjurer on Oct 26, 2022.
             Slain by a goblin
             ... wielding a +0 club
             ... led by Robin
              (6 damage)
             ... on level 3 of the Dungeon.
             The game lasted 00:12:46 (3134 turns).

mortz the Conjurer (Octopode Conjurer)              Turns: 3134, Time: 00:12:46

Health: -2/33      AC:  1    Str:  7    XL:     5   Next: 49%
Magic:  18/18      EV: 13    Int: 22    God:
Gold:   95         SH:  0    Dex: 10    Spells: 6/9 levels left

rFire   . . .      SeeInvis .   a - staff of conjuration
rCold   . . .      Faith    .   (no shield)
rNeg    . . .      Spirit   .   (helmet restricted)
rPois   .          Reflect  .   (no amulet)
rElec   .          Harm     .   f - ring of magical power
rCorr   .          Rampage  .   (no ring)
Will    .....                   (no ring)
Stlth   +++.......              (no ring)
HPRegen 0.11/turn               (no ring)
MPRegen 0.16/turn               (no ring)
                                (no ring)
                                (no ring)

@: no status effects
A: almost no armour, amphibious, 8 rings, camouflage 1, gelatinous body 1,
(nimble swimmer 1), tentacles
a: no special abilities


You were on level 3 of the Dungeon.
You visited 1 branch of the dungeon, and saw 3 of its levels.

You collected 95 gold pieces.

Inventory:

Hand Weapons
 b - a +1 dagger
 c - a +0 mace
 k - a +0 short sword
 o - a +0 rapier
Magical Staves
 a - a staff of conjuration (weapon)
Jewellery
 f - a ring of magical power (left tentacle)
Scrolls
 j - a scroll of immolation {unknown}
Potions
 d - 2 potions of flight
 e - a potion of resistance {unknown}
 g - a potion of invisibility
 h - 3 potions of berserk rage {unknown}
 i - a potion of magic
 l - a potion of lignification {unknown}


   Skills:
 + Level 1.1 Fighting
 + Level 1.1 Short Blades
 + Level 2.2 Dodging
 + Level 3.9 Stealth
 + Level 2.9 Spellcasting
 + Level 5.1 Conjurations


You had 6 spell levels left.
You knew the following spells:

 Your Spells              Type           Power      Damage    Failure   Level
a - Magic Dart            Conj           100%       1d8       1%          1
b - Searing Ray           Conj           78%        2d7       2%          2

Your spell library contained the following spells:

 Spells                   Type           Power      Damage    Failure   Level
 Dazzling Flash           Conj/Hex       42%        N/A       13%         3
 Tukima's Dance           Hex            3%         N/A       36%         3
 Fulminant Prism          Conj/Hex       10%        3d9       41%         4
 Iskenderun's Mystic Bla  Conj/Tloc      21%        2d6       41%         4
 Passage of Golubria      Tloc           3%         N/A       77%         4
 Yara's Violent Unravell  Hex/Tmut       1%         3d3       98%         5


Dungeon Overview and Level Annotations

Branches:
Dungeon (3/15) Zot: 14864

Altars:

Annotations:
D:3 Ijyb, Robin


Innate Abilities, Weirdness & Mutations

You cannot wear most types of armour.
You are amphibious.
You can wear up to eight rings at the same time.
Your skin changes colour to match your surroundings (Stealth+).
Your rubbery body absorbs attacks. (AC +1, EV +1)
((You are camouflaged when in or above water. (Stealth+)))
You have tentacles for arms and can constrict up to eight enemies at once.


Message History

Magic restored.
HP restored.
There is a stone staircase leading down here.
You climb downwards.
Level annotation: Ijyb, Robin Ijyb zaps a wand.
Your will is overpowered!
You are confused.
A goblin comes into view. It is wielding a +0 dagger.
There is a stone staircase leading up here.
You're too confused to cast spells.
You bump into the rock wall.
Ijyb screams, "I no like you!"
Unknown command.
Robin throws Ijyb at you!
Ijyb zaps a wand.
You resist with some effort.
In your confused state, you trip and fall back down the stairs.
Ijyb hits you with a +0 dagger. The hobgoblin misses you.
Okay, then.
You are too confused!
Unknown command.
You miss the goblin.
The goblin shouts!
Your squeeze misses the goblin. Ijyb closely misses you.
The hobgoblin closely misses you. The goblin hits you with a +0 club.
Robin throws the goblin at you!
You're too confused to move!
You feel less confused.
Robin roars a battlecry!
The goblins go into a battle-frenzy!
The goblin hits you with a +0 club! Ijyb hits you with a +0 dagger!
The hobgoblin barely misses you. The goblin misses you.
A hobgoblin comes into view.
The hobgoblin hits you.
* * * LOW HITPOINT WARNING * * *
Okay, then.
Ijyb screams, "Me very upset!"
Ijyb hits you with a +0 dagger.
* * * LOW HITPOINT WARNING * * *
The goblin closely misses you. The hobgoblin barely misses you.
The goblin hits you with a +0 club.
You die...

...# ..#.#
........
###)#####
.#.#####.#
#.....# #.#. ...
##########.# #
## #..
.##.....##.#
...#.###.##....#
#....#...#######
#gg#.####
#@g.....#
#ggg....###
#g)....<..#
#.#.#...#.#
#...).....#
#.)...###.#
.g.###....g#
..## ##.##.#
#....#


You could see Ijyb (strong), Robin, 3 hobgoblins and 3 goblins.

Vanquished Creatures
  2 orc priests (D:3)
  3 adders
  A gnoll (D:1)
  2 worms (D:2)
  2 dart slugs (D:1)
  3 orcs (D:3)
  2 ball pythons (D:1)
  6 bats
  6 endoplasms
  A giant cockroach (D:2)
  6 hobgoblins
  5 jackals (D:1)
  2 quokkas (D:1)
  3 frilled lizards (D:1)
  8 goblins
  5 kobolds (D:1)
  4 rats
61 creatures vanquished.

Notes
Turn   | Place    | Note
-------+----------+-------------------------------------------
     0 | D:1      | mortz the Octopode Conjurer began the quest for the Orb.
     0 | D:1      | Reached XP level 1. HP: 11/11 MP: 3/3
   369 | D:1      | Reached XP level 2. HP: 17/17 MP: 1/5
   628 | D:1      | Learned a level 2 spell: Searing Ray
   665 | D:1      | Reached XP level 3. HP: 21/21 MP: 3/6
  1852 | D:2      | Reached XP level 4. HP: 24/27 MP: 7/7
  1931 | D:2      | Found a faded altar of an unknown god.
  2217 | D:2      | Reached skill level 5 in Conjurations
  2806 | D:3      | Reached XP level 5. HP: 32/32 MP: 9/9
  2810 | D:3      | Reached skill level 1 in Short Blades
  2934 | D:3      | Reached skill level 1 in Fighting
  3057 | D:3      | Noticed Robin
  3061 | D:3      | Noticed Ijyb
  3134 | D:3      | Slain by a goblin

Illustrated notes

Levels and vault maps discovered:
D:1:      dpeg_arrival_boxes_within_box, layout_basic
D:2:      minmay_inner_zag, layout_basic, hellmonk_ecumenical_altar_zigzags,
          chequers_mini_garden
D:3:      layout_basic, nemelex_dance_club_becter, kennysheep_generic_room_16,
          uniq_terence, uniq_ijyb, uniq_robin

Skill      XL: |  1  2  3  4  5 |
---------------+----------------+-----
Stealth        | 3 |  3.9
Conjurations   | 5 |  5.1
Short Blades   | 1 |  1.1
Fighting       | 1 |  1.1
Dodging        | |  2.2
Spellcasting   | |  2.9

Action                   |  1- 3 |  4- 6 || total
-------------------------+-------+-------++-------
Melee: Unarmed           |     2 |       ||     2
       Constrict         |     4 |     1 ||     5
       Punch             |     1 |     1 ||     2
       Tentacles         |     1 |       ||     1
       Short sword       |     7 |     1 ||     8
       Staff             |       |     1 ||     1
 Cast: Magic Dart        |    71 |    15 ||    86
       Searing Ray       |     3 |    14 ||    17
  Use: Scroll            |     2 |     4 ||     6
 Stab: Sleeping          |     5 |     1 ||     6
Armor: Skin              |     1 |       ||     1
Dodge: Dodged            |    14 |    12 ||    26
